 Dungeon Crawl Stone Soup version 0.21.1-1-g345015f (webtiles) character file.

63 inc the Cudgeler (level 4, 31/31 HPs)
             Began as an Octopode Fighter on June 12, 2018.
             Quit the game on level 2 of the Dungeon.
             The game lasted 00:01:52 (1652 turns).

inc the Cudgeler (Octopode Fighter)                 Turns: 1652, Time: 00:01:52

Health: 31/31      AC:  1    Str: 15    XL:     4   Next: 9%
Magic:  4/4        EV: 11    Int: 11    God:
Gold:   85         SH:  8    Dex: 11    Spells: 3/3 levels left

rFire    . . .     SeeInvis .   l - -2 mace (curse)
rCold    . . .     Gourm    .   b - +0 shield
rNeg     . . .     Faith    .   (helmet restricted)
rPois    .         Spirit   .   j - amulet of harm
rElec    .         Reflect  .   (no ring)
rCorr    .         Harm     +   (no ring)
MR       .....                  (no ring)
Stlth    ++........             (no ring)
HPRegen  0.10/turn              (no ring)
MPRegen  0.09/turn              (no ring)
                                (no ring)
                                (no ring)

@: about to teleport
A: almost no armour, stealthy swim, amphibious, 8 rings, constrict 8, camouflage
1, gelatinous body 1
a: no special abilities


You were on level 2 of the Dungeon.
You were not hungry.

You visited 1 branch of the dungeon, and saw 2 of its levels.

You collected 85 gold pieces.

Inventory:

Hand Weapons
 a - a +0 flail
 l - a cursed -2 mace (weapon)
Armour
 b - a +0 shield (worn)
Jewellery
 j - an amulet of harm (around mantle)
Potions
 c - a potion of might
 f - a potion of curing {unknown}
 h - a potion of heal wounds {unknown}
Comestibles
 d - 5 rations


   Skills:
 - Level 3.0 Fighting
 + Level 4.2 Maces & Flails
 - Level 3.0 Dodging
 - Level 3.0 Shields


You had 3 spell levels left.
You didn't know any spells.

Dungeon Overview and Level Annotations

Branches:
Dungeon (2/15)

Altars:


Innate Abilities, Weirdness & Mutations

You cannot wear most types of armour.
You are very stealthy in the water. (Stealth+)
You are amphibious.
You can wear up to eight rings at the same time.
You can use your tentacles to constrict eight enemies at once.
Your skin changes colour to match your surroundings (Stealth+).
Your rubbery body absorbs attacks. (AC +1, EV +1)


Message History

You closely miss the frilled lizard. Your grab misses the frilled lizard.
You kill the frilled lizard!
You see here a frilled lizard corpse.
You see here a glowing mace.
l - a glowing mace Wield which item (- for none, * to show all)? (? for menu, Esc to quit)
It sticks to your tentacle!
l - a cursed -2 mace (weapon)
As you read the scroll labeled MOCLIMNIER, it crumbles to dust.
You assume a fearsome visage.
Nothing appears to happen.
It was a scroll of fear.
As you read the scroll labeled TIR HOPLOGOUNOWU, it crumbles to dust.
You hear a voice calling someone else's name.
It was a scroll of random uselessness.
As you read the scroll labeled LOOCLO HEPPU, it crumbles to dust.
You feel strangely unstable.
It was a scroll of teleportation.
As you read the scroll labeled RIL GAEMEONE, it crumbles to dust.
The air around you briefly surges with heat, but it dissipates.
It was a scroll of immolation.
Are you sure you want to abandon this character and quit the game? (Confirm with "yes".)

########.........#
#........(.......# .........
#....)......###### .........
#)..........# .........
#...........#
.........#####...........#
...........†.............#
.(.J.....................#
................@........# ..#
#+########...........#######
..## .# ######........[...# ...#
.# #............#
...##.######### #............#
....#.........## #............#
###[...........# #............#
###............####............#
.###..######...................#


There were no monsters in sight!

Vanquished Creatures
  An adder (D:2)
  An ooze (D:2)
  3 worms (D:2)
  2 dart slugs (D:1)
  2 leopard geckos
  A giant cockroach (D:1)
  2 goblins (D:1)
  4 hobgoblins
  4 jackals (D:2)
  4 bats
  3 frilled lizards
  7 kobolds (D:1)
  2 rats (D:1)
36 creatures vanquished.

Notes
Turn   | Place    | Note
-------+----------+-------------------------------------------
     0 | D:1      | inc the Octopode Fighter began the quest for the Orb.
     0 | D:1      | Reached XP level 1. HP: 16/16 MP: 1/1
   341 | D:1      | Reached XP level 2. HP: 21/21 MP: 2/2
   489 | D:1      | Reached skill level 3 in Maces & Flails
  1026 | D:1      | Reached XP level 3. HP: 26/26 MP: 3/3
  1391 | D:2      | Reached skill level 4 in Maces & Flails
  1406 | D:2      | Reached XP level 4. HP: 13/31 MP: 4/4
  1652 | D:2      | Quit the game

Skill      XL: |  1  2  3 |
---------------+----------+-----
Maces & Flails | 3 4 |  4.2
Fighting       | |  3.0
Dodging        | |  3.0
Shields        | |  3.0

Action                   |  1- 3 |  4- 6 || total
-------------------------+-------+-------++-------
Melee: Flail             |    76 |     1 ||    77
       Constrict         |    17 |       ||    17
       Tentacles         |     7 |     1 ||     8
  Use: Scroll            |       |     4 ||     4
 Stab: Sleeping          |     5 |       ||     5
  Eat: Chunk             |     1 |     1 ||     2
Armor: Skin              |     5 |       ||     5
Dodge: Dodged            |    33 |       ||    33
Block: Shield            |    33 |     1 ||    34
